 Dungeon Crawl Stone Soup version 0.29-a0-25-g7f48f510a0 (webtiles) character file.

Game seed: 17314830607492437023

72071 Majang the Thaumaturge (level 15, -4/89 HPs)
             Began as a Tengu Ice Elementalist on Jan 27, 2022.
             Was a High Priest of Vehumet.
             Succumbed to Aizul's poison arrow
             ... on level 1 of the Shoals on Jan 31, 2022.
             The game lasted 03:13:29 (29481 turns).

Majang the Thaumaturge (Tengu Ice Elementalist)    Turns: 29481, Time: 03:13:29

Health: -4/89      AC:  4    Str:  9    XL:     15   Next: 38%
Magic:  27/41      EV: 20    Int: 36    God:    Vehumet [*****.]
Gold:   27         SH:  0    Dex: 14    Spells: 10/38 levels left

rFire   . . .      SeeInvis .   a - +5 war axe "Boravuxi" {venom, rC+++ Int+7 Stlth-}
rCold   + + +      Faith    .   (no shield)
rNeg    . . .      Spirit   .   P - +2 robe {Will+}
rPois   .          Reflect  .   (helmet restricted)
rElec   .          Harm     .   (no cloak)
rCorr   .          Rampage  .   (no gloves)
Will    ++...                   (boots unavailable)
Stlth   +.........              l - amulet of magic regeneration
HPRegen 0.24/turn               f - ring of magical power
MPRegen 0.67/turn               z - +6 ring of intelligence

@: lethally poisoned (-4 -> -23), flying quickly and evasively, quick
A: beak, talons 3, nimble flight
a: Renounce Religion


You were on level 1 of the Shoals.
You worshipped Vehumet.
Vehumet was extremely pleased with you.
You visited 5 branches of the dungeon, and saw 22 of its levels.
You also visited: Sewer and Ossuary.

You collected 2711 gold pieces.
You spent 2684 gold pieces at shops.

Inventory:

Hand Weapons
 a - the +5 war axe "Boravuxi" (weapon) {venom, rC+++ Int+7 Stlth-}
   (You bought it in a shop on level 2 of the Orcish Mines)

   It poisons the flesh of those it strikes.
   Int:       It affects your intelligence (+7).
   rC:        It renders you almost immune to cold.
   Stlth:     It makes you less stealthy.
 b - the +5 morningstar "Giehoa" {speed, rElec rC+}
   (You bought it in a shop on level 2 of the Orcish Mines)

   Attacks with this weapon are significantly faster.
   rC:        It protects you from cold.
   rElec:     It insulates you from electricity.
Missiles
 o - 3 throwing nets
Armour
 h - the +0 robe "Buib" {rN+ Will+++ rCorr Str-4}
   (You found it on level 3 of the Lair of Beasts)

   Str:       It affects your strength (-4).
   rN:        It protects you from negative energy.
   rCorr:     It protects you from acid and corrosion.
   Will:      It greatly increases your willpower.
 y - a +2 robe of positive energy
 E - a +1 leather armour of poison resistance
 P - a +2 robe of willpower (worn)
 Q - a +2 robe of resistance
Jewellery
 f - a ring of magical power (left hand)
 l - an amulet of magic regeneration (around neck)
 m - a ring of poison resistance
 z - a +6 ring of intelligence (right hand)
 L - a ring of wizardry
 X - an amulet of regeneration
Wands
 n - a wand of paralysis (17)
 w - a wand of flame (8)
 B - a wand of iceblast (1)
 C - a wand of charming (11)
 H - a wand of digging (19)
 N - a wand of acid (11)
 O - a wand of polymorph (3)
Scrolls
 c - 4 scrolls of identify
 j - a scroll of amnesia
 p - a scroll of fear
 q - 2 scrolls of fog
 u - 2 scrolls of enchant armour
 F - 3 scrolls of immolation
 M - a scroll of magic mapping
 V - 2 scrolls of summoning
 W - 6 scrolls of teleportation
Potions
 e - 4 potions of invisibility
 g - 6 potions of ambrosia
 i - 3 potions of cancellation
 k - 8 potions of curing
 r - 3 potions of brilliance
 s - 6 potions of heal wounds
 t - a potion of mutation
 v - 3 potions of lignification
 x - a potion of magic
 A - 2 potions of might
 K - 2 potions of haste
Miscellaneous
 S - a tin of tremorstones (2/2)


   Skills:
 + Level 8.7 Fighting
 + Level 9.5 Staves
 + Level 9.9 Dodging
 - Level 2.0 Stealth
 * Level 12.0 Spellcasting
 + Level 11.5 Conjurations
 * Level 11.6 Ice Magic
 + Level 10.3 Air Magic
 + Level 8.6 Evocations


You had 10 spell levels left.
You knew the following spells:

 Your Spells              Type           Power      Damage    Failure   Level
a - Ozocubu's Armour      Ice            81%        N/A       1%          3
b - Lightning Bolt        Conj/Air       39%        1d58      1%          5
c - Mephitic Cloud        Conj/Pois/Air  65%        N/A       1%          3
f - Freezing Cloud        Conj/Ice/Air   40%        6-21      1%          5
h - Hailstorm             Conj/Ice       81%        3d16      1%          4
i - Irradiate             Conj/Tmut      29%        3d23      1%          5
r - Frozen Ramparts       Ice            100%       1d12      1%          3

Your spell library contained the following spells:

 Spells                   Type           Power      Damage    Failure   Level
 Freeze                   Ice            100%       1d11      0%          1
 Magic Dart               Conj           100%       1d8       0%          1
 Apportation              Tloc           42%        N/A       1%          1
 Beastly Appendage        Tmut           42%        N/A       1%          1
 Sandblast                Erth           42%        2d11      1%          1
 Conjure Flame            Conj/Fire      58%        6-21      1%          3
 Ignite Poison            Fire/Tmut/Pois 21%        N/A       1%          3
 Stone Arrow              Conj/Erth      100%       3d13      1%          3
 Sticky Flame             Conj/Fire      58%        2d7       1%          4
 Call Imp                 Summ           21%        N/A       2%          2
 Passwall                 Tmut/Erth      17%        N/A       2%          2
 Wereblood                Tmut           21%        N/A       2%          2
 Gell's Gravitas          Tloc           21%        N/A       5%          3
 Lesser Beckoning         Tloc           21%        N/A       5%          3
 Portal Projectile        Hex/Tloc       42%        N/A       5%          3
 Spider Form              Tmut/Pois      21%        N/A       5%          3
 Teleport Other           Tloc           21%        N/A       5%          3
 Simulacrum               Ice/Necr       29%        N/A       26%         6
 Alistair's Intoxication  Tmut/Pois      14%        N/A       45%         5
 Blade Hands              Tmut           10%        N/A       45%         5
 Excruciating Wounds      Necr           10%        N/A       45%         5
 Summon Forest            Summ/Tloc      10%        N/A       45%         5
 Eringya's Noxious Bog    Tmut/Pois      10%        N/A       54%         6
 Dispersal                Tloc           10%        N/A       96%         6
 Polar Vortex             Ice            40%        N/A       97%         9
 Summon Hydra             Summ           10%        N/A       100%        7
 Disjunction              Tloc           10%        N/A       100%        8


Dungeon Overview and Level Annotations

Branches:
Dungeon (12/15)            Temple (1/1) D:7            Lair (6/6) D:9
 Shoals (1/4) Lair:2       Spider (0/4) Lair:4        Slime (0/5) Lair:6
    Orc (2/2) D:12            Elf (0/3) Orc:2         Sewer (visited)
Ossuary (visited)

Altars:
Ashenzari
Cheibriados
Dithmenos
Elyvilon
Fedhas
Gozag
Hepliaklqana
Kikubaaqudgha
Makhleb
Nemelex Xobeh
Okawaru
Qazlal
Ru
Sif Muna
Trog
Uskayaw
Vehumet
Wu Jian
Xom
Yredelemnul
Zin
The Shining One
Beogh

Shops:
D:6 *   Orc:2 (*(**

Annotations:
Shoals:1 Aizul


Innate Abilities, Weirdness & Mutations

You have a beak for a mouth.
You have claws for feet.
Your magical nature lets you fly swiftly and evasively.


Message History

Casting: Ozocubu's Armour (safe; 1% risk of failure)
Confirm with . or Enter, or press ? or * to list all spells.
Aiming: Lightning Bolt (safe; 1% risk of failure)
Press: ? - help, Shift-Dir - straight line, f - Aizul
Aim: Aizul (lightly wounded, 34% to hit)
You hear a mighty clap of thunder!
The bolt of lightning hits Aizul!!
Aizul is moderately wounded.
The bolt of lightning hits the plant!!
The plant begins to die.
The plant is lightly damaged.
You feel very sick.
You hear a screech! x2; You hear a shout!
You hear a screech!
You hear an angry hiss.
The plant is engulfed in freezing vapours. x2
A nearby plant withers and dies.
Aizul coils herself and waves her upper body at you.
The poison arrow hits you!!!
You are more poisoned.
* * * LOW HITPOINT WARNING * * *
You feel better.
The plant is engulfed in freezing vapours.
A nearby plant withers and dies.
A harpy comes into view.
Aizul coils and then uncoils.
Aizul closely misses you.
A harpy comes into view.
Aizul coils herself and waves her upper body at you.
You fall asleep.
Aizul casts a spell at you. The poison arrow hits you!!
You are lethally poisoned!
You wake up.
* * * LOW HITPOINT WARNING * * *
Blink to where?
Press: ? - help, Dir - move target, p - Aizul Your icy armour will break if you move.
Continue?
Your icy armour cracks and falls away as you move.
A merfolk comes into view. It is wielding a +0 trident.
As you read the scroll of blinking, it crumbles to dust.
You die...

≈≈≈≈≈≈≈≈≈≈≈≈≈≈≈
≈≈≈≈≈≈≈≈≈≈≈≈≈≈≈
≈≈≈≈≈≈≈≈≈≈≈≈≈≈≈
P≈≈≈≈≈≈≈≈≈≈≈≈≈≈
P≈≈≈≈≈≈≈≈≈≈..≈≈
P≈≈≈≈≈≈≈≈≈≈...≈
≈≈≈≈≈≈≈≈≈≈≈...≈
.P≈P≈P≈≈≈≈≈≈≈≈@.≈≈≈P≈P
≈≈≈≈≈P≈≈≈≈≈≈≈≈≈≈≈≈≈≈P≈
≈≈P≈≈≈≈≈≈≈≈≈≈≈≈≈≈P≈≈≈≈
P..P≈≈.≈.≈≈...≈≈≈≈≈≈≈≈
...≈≈≈≈≈..≈....≈≈≈≈≈≈≈
....PPP≈≈≈≈≈≈≈≈≈≈≈≈≈≈≈
.....P.P≈≈≈≈≈≈≈≈≈m≈≈≈≈
....PP.§≈≈≈≈≈≈≈≈≈PPP..
..[§§§S.?≈≈≈≈≈≈


You could see a merfolk (wandering).

Vanquished Creatures
  Kirke (Lair:6)
  An orc warlord (Orc:1)
  A fire dragon (Lair:6)
  Harold (D:11)
  6 hydras
  2 boulder beetles
  The ghost of fasse2k the Blocker, a journeyman GnFi of Gozag (D:11)
  Erolcha (D:12)
  An ogre mage (Orc:1)
  Erica (D:8)
  A catoblepas (Lair:6)
  6 two-headed ogres
  A death knight (D:10)
  3 death yaks (Lair:6)
  4 orc high priests (Orc:2)
  Urug (D:11)
  Nergalle (D:10)
  4 skeletal warriors (D:12)
  A glowing orange brain (D:11)
  A phantasmal warrior (D:11)
  A deep elf pyromancer (D:12)
  2 lindwurms (Lair:6)
  An ugly thing (D:12)
  6 orc sorcerers
  4 manticores
  5 cyclopes
  6 torpor snails (Lair:6)
  2 elephants (Lair:6)
  5 black mambas
  A water nymph (D:11)
  16 cane toads
  A demonic crawler (D:11)
  A freezing wraith (D:10)
  6 rime drakes
  7 komodo dragons
  4 meliai
  A queen bee (Lair:4)
  4 trolls
  8 hornets
  A polar bear (Lair:5)
  10 blink frogs
  4 tyrant leeches (Lair:6)
  A snapping turtle (Lair:2)
  5 slime creatures (D:12)
  10 dream sheep
  2 wraiths
  A shadow (D:12)
  7 wyverns
  21 yaks
  A basilisk (Lair:6)
  Grum (D:11)
  6 vampire mosquitoes (D:10)
  Menkaure (D:6)
  A steam dragon (D:5)
  4 wargs
  An acid dragon (D:12)
  11 water moccasins
  Duvessa (D:7)
  28 orc warriors
  A swamp drake (D:10)
  2 ice beasts
  9 ogres
  12 wolves
  4 centaurs
  An elf zombie (Ossuary)
  2 gnoll sergeants
  A kobold brigand (D:8)
  13 bullfrogs
  5 scorpions
  A water moccasin zombie (D:7)
  34 killer bees
  2 water moccasin skeletons (D:5)
  Dowan (D:7)
  3 wights (D:8)
  2 howler monkeys
  An electric eel (Lair:6)
  39 orc priests
  2 hounds
  7 jellies
  5 centaur zombies
  A centaur skeleton (D:7)
  Ijyb (D:4)
  6 iguanas
  26 orc wizards
  2 hell rats (Lair:4)
  A hound skeleton (D:4)
  2 mummies (Ossuary)
  A howler monkey zombie (D:8)
  16 gnolls
  14 adders
  5 river rats
  2 shadow imps (D:7)
  A white imp (D:7)
  An ufetubus (D:2)
  4 adder zombies (Ossuary)
  A worm (D:2)
  6 dart slugs
  66 orcs
  10 endoplasms
  5 giant cockroaches
  6 goblins
  5 hobgoblins
  6 quokkas
  14 ball pythons
  4 bats
  5 frilled lizards
  3 goblin zombies
  9 hobgoblin zombies (Ossuary)
  14 kobolds
  11 kobold zombies (Ossuary)
  7 orc zombies (Ossuary)
  9 rats
  2 rat zombies (Ossuary)
  A bush (D:10)
651 creatures vanquished.

Vanquished Creatures (others)
  4 dream sheep (Lair:6)
  2 humans (Lair:6)
  An orc wizard (Orc:2)
  A bush (Lair:6)
  28 fungi
  123 plants
159 creatures vanquished.

Grand Total: 810 creatures vanquished

Notes
Turn   | Place    | Note
-------+----------+-------------------------------------------
     0 | D:1      | Majang the Tengu Ice Elementalist began the quest for the
                  | Orb.
     0 | D:1      | Reached XP level 1. HP: 10/10 MP: 4/4
   522 | D:1      | Reached XP level 2. HP: 15/15 MP: 3/6
   852 | D:1      | Reached XP level 3. HP: 19/19 MP: 7/7
   856 | D:1      | Learned a level 3 spell: Ozocubu's Armour
   860 | D:1      | Learned a level 3 spell: Frozen Ramparts
  1242 | D:1      | Found a faded altar of an unknown god.
  1520 | D:2      | Found a glowing silver altar of Zin.
  1535 | D:2      | Reached skill level 3 in Spellcasting
  1645 | D:2      | Reached XP level 4. HP: 18/24 MP: 9/9
  2962 | D:3      | Gained mutation: Your magical nature lets you fly swiftly
                  | and evasively. [Tengu growth]
  2962 | D:3      | Reached XP level 5. HP: 28/28 MP: 11/11
  3111 | D:3      | Learned a level 4 spell: Hailstorm
  3118 | D:3      | Found a glowing drain.
  3153 | Sewer    | Entered a sewer
  3232 | Sewer    | Reached skill level 1 in Conjurations
  3287 | Sewer    | Reached skill level 5 in Ice Magic
  3331 | Sewer    | Reached skill level 4 in Spellcasting
  3338 | Sewer    | Reached XP level 6. HP: 21/32 MP: 13/13
  3704 | Sewer    | Found a viscous altar of Jiyva.
  3764 | D:3      | Found a shadowy altar of Dithmenos.
  3764 | D:3      | Found a stormy altar of Qazlal.
  4219 | D:4      | Reached skill level 1 in Fighting
  4219 | D:4      | Reached skill level 1 in Staves
  4219 | D:4      | Reached skill level 1 in Evocations
  4379 | D:4      | Reached XP level 7. HP: 18/38 MP: 14/14
  5164 | D:4      | Reached skill level 5 in Spellcasting
  5165 | D:4      | Noticed Ijyb
  5176 | D:4      | Killed Ijyb
  5177 | D:4      | Reached XP level 8. HP: 43/44 MP: 16/16
  5307 | D:5      | Entered Level 5 of the Dungeon
  5397 | D:5      | Noticed a two-headed ogre
  5403 | D:5      | Killed a two-headed ogre
  5514 | D:5      | Found a sand-covered staircase.
  5536 | Ossuary  | Entered an ossuary
  5848 | Ossuary  | Reached skill level 6 in Spellcasting
  5848 | Ossuary  | Reached XP level 9. HP: 47/50 MP: 17/19
  6225 | D:5      | Reached skill level 5 in Conjurations
  6673 | D:5      | Learned a level 3 spell: Mephitic Cloud
  6875 | D:6      | Found Iennox's Incredible Inventory.
  6930 | D:6      | Found an ancient bone altar of Kikubaaqudgha.
  6930 | D:6      | Found a bloodstained altar of Trog.
  6930 | D:6      | Found an opulent altar of Gozag.
  6986 | D:6      | Reached skill level 1 in Air Magic
  7246 | D:6      | Found a burning altar of Makhleb.
  7482 | D:7      | Reached skill level 5 in Dodging
  7628 | D:7      | Noticed Menkaure
  7836 | D:6      | Killed Menkaure
  7867 | D:7      | Reached skill level 7 in Spellcasting
  8012 | D:7      | Reached XP level 10. HP: 54/56 MP: 21/21
  8132 | D:7      | Found a staircase to the Ecumenical Temple.
  8145 | Temple   | Entered the Ecumenical Temple
  8358 | Temple   | Became a worshipper of Vehumet
  8670 | D:7      | Noticed Duvessa
  8670 | D:7      | Noticed Dowan
  8676 | D:7      | Killed Duvessa
  8684 | D:7      | Killed Dowan
  9038 | D:8      | Found a blossoming altar of Fedhas.
  9343 | D:8      | Noticed Erica
  9352 | D:8      | Killed Erica
  9506 | D:8      | Identified the +7 bardiche "Adidemiw" {vamp, rElec Str-2
                  | Int+3}
  9746 | D:8      | Found a glowing golden altar of the Shining One.
  9756 | D:8      | Upgraded the game from 0.29-a0-6-ga859fcf985 to
                  | 0.29-a0-9-g022ca4c890
  9776 | D:9      | Identified the +7 dagger "Noxkov" {holy, Will+}
  9882 | D:9      | Reached skill level 5 in Staves
  9959 | D:9      | Noticed a two-headed ogre
  9969 | D:9      | Killed a two-headed ogre
 10140 | D:9      | Found a snail-covered altar of Cheibriados.
 10241 | D:9      | Reached * piety under Vehumet
 10241 | D:9      | Offered knowledge of Sandblast by Vehumet.
 10352 | D:9      | Found a staircase to the Lair.
 10404 | Lair:1   | Entered Level 1 of the Lair of Beasts
 10491 | Lair:1   | Noticed a seven-headed hydra
 10501 | Lair:1   | Killed a seven-headed hydra
 10502 | Lair:1   | Reached skill level 5 in Fighting
 10502 | Lair:1   | Reached skill level 8 in Spellcasting
 10502 | Lair:1   | Reached skill level 5 in Evocations
 10502 | Lair:1   | Reached XP level 11. HP: 63/63 MP: 17/24
 10678 | Lair:1   | Reached skill level 5 in Air Magic
 10808 | Lair:1   | Upgraded the game from 0.29-a0-9-g022ca4c890 to
                  | 0.29-a0-23-ga79f92ac9c
 11401 | Lair:2   | Found a staircase to the Shoals.
 11774 | Lair:2   | Offered knowledge of Poisonous Vapours by Vehumet.
 11800 | Lair:2   | Reached ** piety under Vehumet
 12355 | Lair:3   | Identified the +0 robe "Buib" {rN+ Will+++ rCorr Str-4}
 12722 | Lair:3   | Reached skill level 9 in Spellcasting
 12722 | Lair:3   | Reached XP level 12. HP: 69/69 MP: 21/26
 13344 | Lair:4   | Found a hole to the Spider Nest.
 13598 | Lair:3   | HP: 3/70 [poisoned by a meliai]
 14383 | Lair:4   | Noticed an eight-headed hydra
 14389 | Lair:4   | Killed an eight-headed hydra
 14394 | Lair:4   | Noticed a six-headed hydra
 14664 | Lair:4   | Killed a six-headed hydra
 15258 | Lair:4   | Offered knowledge of Conjure Flame by Vehumet.
 15311 | Lair:4   | Identified the +3 ring mail "Zyniec" {rElec rPois}
 15493 | Lair:4   | Reached *** piety under Vehumet
 16384 | Lair:5   | Reached XP level 13. HP: 61/76 MP: 21/27
 16504 | Lair:5   | Offered knowledge of Flame Wave by Vehumet.
 16526 | Lair:5   | Reached skill level 10 in Spellcasting
 17626 | Lair:5   | Upgraded the game from 0.29-a0-23-ga79f92ac9c to
                  | 0.29-a0-25-g7f48f510a0
 17663 | Lair:6   | Entered Level 6 of the Lair of Beasts
 17663 | Lair:6   | Noticed Kirke
 17906 | Lair:6   | Reached **** piety under Vehumet
 18242 | Lair:6   | Offered knowledge of Sticky Flame by Vehumet.
 19104 | Lair:6   | Reached skill level 10 in Ice Magic
 19135 | Lair:6   | Reached skill level 10 in Conjurations
 19669 | Lair:6   | Killed Kirke
 19670 | Lair:6   | Reached XP level 14. HP: 77/82 MP: 29/29
 19851 | Lair:6   | Found a staircase to the Slime Pits.
 20009 | Lair:6   | Reached skill level 11 in Spellcasting
 20066 | Lair:6   | Found a runed translucent door.
 20203 | Lair:6   | Paralysed by a hornet for 1 turns
 21086 | D:10     | Entered Level 10 of the Dungeon
 21366 | D:10     | Reached ***** piety under Vehumet
 21555 | D:10     | Noticed Nergalle
 21562 | D:10     | Killed Nergalle
 21778 | D:6      | Bought a book of Ice for 598 gold pieces
 21778 | D:6      | Bought a scroll of identify for 26 gold pieces
 21778 | D:6      | Bought a potion of invisibility for 104 gold pieces
 21784 | D:6      | Learned a level 5 spell: Freezing Cloud
 21862 | D:10     | Offered knowledge of Lee's Rapid Deconstruction by Vehumet.
 21944 | D:10     | Identified the +1 whip of Taxation {venom, rN+}
 22327 | D:11     | Noticed Urug
 23240 | D:11     | Noticed Harold
 23249 | D:11     | Killed Harold
 23370 | D:11     | Killed Urug
 23658 | D:11     | Found a runed translucent door.
 23660 | D:11     | Noticed fasse2k's ghost (journeyman GnFi)
 23670 | D:11     | Noticed Grum
 23673 | D:11     | Killed Grum
 25572 | D:12     | Found a staircase to the Orcish Mines.
 25636 | D:12     | Noticed Erolcha
 26085 | Orc:1    | Entered Level 1 of the Orcish Mines
 26144 | Orc:1    | Offered knowledge of Irradiate by Vehumet.
 26145 | Orc:1    | Reached XP level 15. HP: 88/88 MP: 6/31
 26354 | Orc:1    | Noticed an orc warlord
 26364 | Orc:1    | Killed an orc warlord
 26365 | Orc:1    | Reached skill level 10 in Air Magic
 26390 | Orc:1    | Learned a level 5 spell: Irradiate
 26816 | Orc:2    | Entered Level 2 of the Orcish Mines
 26816 | Orc:2    | Found a staircase to the Elven Halls.
 27491 | Orc:2    | Found Qamuosh's General Store.
 27572 | Orc:2    | Bought a scroll of blinking for 105 gold pieces
 27802 | Orc:2    | Reached skill level 12 in Spellcasting
 27842 | Orc:2    | Found a bloodstained altar of Trog.
 28057 | Orc:2    | Found Xeymp's Assorted Antiques.
 28057 | Orc:2    | Found Foilioro's Assorted Antiques.
 28060 | Orc:2    | Found Gireax's Weapon Emporium.
 28488 | Orc:2    | Offered knowledge of Lightning Bolt by Vehumet.
 28497 | Orc:2    | Learned a level 5 spell: Lightning Bolt
 28535 | Orc:2    | Found Hulogh's Antique Weapon Shoppe.
 28537 | Orc:2    | Bought a scroll labelled QUHUNE NUOMA for 26 gold pieces
 28537 | Orc:2    | Bought a potion of heal wounds for 130 gold pieces
 28537 | Orc:2    | Bought a scroll labelled QUHUNE NUOMA for 26 gold pieces
 28540 | Orc:2    | Bought a scroll of teleportation for 102 gold pieces
 28838 | Orc:2    | Bought the +5 war axe "Boravuxi" {venom, rC+++ Int+7
                  | Stlth-} for 929 gold pieces
 28841 | Orc:2    | Bought the +5 morningstar "Giehoa" {speed, rElec rC+} for
                  | 638 gold pieces
 29162 | D:12     | Killed Erolcha
 29338 | D:11     | Killed fasse2k's ghost
 29474 | Shoals:1 | Entered Level 1 of the Shoals
 29474 | Shoals:1 | Noticed Aizul
 29480 | Shoals:1 | HP: 1/89 [Aizul/poison arrow (19)]
 29481 | Shoals:1 | Succumbed to Aizul's poison arrow

Illustrated notes

Levels and vault maps discovered:
D:1:      amcnicky_arrival_blooded_trapdoor, layout_loops_ring,
          shapermc_ecumenical_altar_mp_ritualfount
D:2:      minmay_wonky_spiral, layout_loops_ring, basic_altar,
          kennysheep_cluttered_room
D:3:      layout_loops_cross, jmf_multi_god_temple, portal_sewer_entry_e
D:4:      layout_loops_cross, uniq_ijyb
D:5:      layout_loops_ring, enter_ossuary_4
D:6:      layout_basic, kennysheep_little_box, gammafunk_temple_overflow_claw,
          nicolae_alphabet_shops
D:7:      layout_loops_cross, minmay_temple_entry_offerings, chequers_jeans,
          uniq_duvessa, uniq_menkaure
D:8:      layout_gridville, tso_oasis_becter, mainiacjoe_overflow_24_doors,
          uniq_erica
D:9:      layout_rooms, cheibriados_altar_1, erik_lair_orcish_takeover
D:10:     layout_roguey, serial_glass, glass_columns_a, glass_columns_a,
          kb_lookout_dungeons_type, st_stairs_11, pond, uniq_nergalle,
          uniq_joseph
D:11:     layout_gridville, ebering_ghost_reflecting_pool, hex_large,
          worms_lemuel, uniq_harold, uniq_urug, uniq_grum
D:12:     layout_roguey, orc_0_dummy, uniq_erolcha
Temple:   oiseaux_autumnal_temple
Lair:1:   layout_chaotic_city
Lair:2:   layout_layer_cave, minmay_shoals_entry_hut, grunt_megastairs_2
Lair:3:   layout_roguey, grunt_megastairs_5
Lair:4:   regret_index_tunnel_blossom, layout_cave_pods,
          hellmonk_spider_entry_not_the_bees, columned_hall_lemuel
Lair:5:   layout_gridlike
Lair:6:   hangedman_lair_in_review, layout_big_grid, wormcave,
          dpeg_slime_entry_corner, st_stairs_11, serial_bayou_lagoon_a,
          uniq_kirke
Shoals:1: layout_shoals, uniq_aizul
Orc:1:    layout_diamond_mine, minmay_orc_temple_a
Orc:2:    st_orc_mages, layout_caves, basic_altar, serial_shops, shop

Skill      XL: |  1  2  3  4  5  6  7  8  9 10 11 12 13 14 15 |
---------------+----------------------------------------------+-----
Ice Magic      | 4 5 6 7 8 9 10 11 | 11.6
Spellcasting   | 3 4 5 6 7 8 9 10 11 12 | 12.0
Conjurations   | 1 2 3 4 5 7 8 9 10 11 | 11.5
Fighting       | 1 2 3 4 5 6 7 8 |  8.7
Staves         | 1 2 3 4 5 6 7 8 9 |  9.5
Evocations     | 1 2 4 5 6 7 8 |  8.6
Dodging        | 3 4 5 6 7 8 9 |  9.9
Air Magic      | 2 4 6 7 8 9 10 | 10.3
Stealth        | |  2.0

Action                   |  1- 3 |  4- 6 |  7- 9 | 10-12 | 13-15 || total
-------------------------+-------+-------+-------+-------+-------++-------
Melee: Dagger            |     2 |       |       |       |       ||     2
       Mace              |    18 |    42 |   206 |    23 |       ||   289
       Kick              |     5 |     8 |    83 |    40 |    52 ||   188
       Peck              |     5 |     3 |    37 |    23 |    31 ||    99
       Punch             |       |     1 |     3 |       |       ||     4
       Dire flail        |       |       |       |    21 |     6 ||    27
       Bardiche          |       |       |       |    79 |   119 ||   198
 Cast: Freeze            |    33 |    11 |    16 |    10 |     2 ||    72
       Frozen Ramparts   |     6 |    39 |    42 |    79 |    88 ||   254
       Ozocubu's Armour  |     4 |     4 |    33 |    47 |    73 ||   161
       Hailstorm         |       |     2 |    20 |   109 |   200 ||   331
       Mephitic Cloud    |       |       |     9 |    14 |     8 ||    31
       Freezing Cloud    |       |       |       |       |   118 ||   118
       Lightning Bolt    |       |       |       |       |     8 ||     8
       Irradiate         |       |       |       |       |     5 ||     5
Evoke: Wand              |       |       |     3 |     5 |    34 ||    42
       Tin of tremorston |       |       |       |       |     3 ||     3
  Use: Scroll            |       |    10 |     8 |     7 |    11 ||    36
       Potion            |       |       |       |     3 |     6 ||     9
 Stab: Sleeping          |     1 |       |     3 |       |     1 ||     5
       Distracted        |       |     1 |       |       |       ||     1
       Confused          |       |       |       |     3 |       ||     3
Armor: Robe              |     6 |     5 |    60 |    26 |    43 ||   140
       Leather armour    |       |       |       |     6 |    13 ||    19
Dodge: Dodged            |    35 |    33 |   172 |   157 |   217 ||   614

Table legend: (Time is in decaauts)
 A = Elapsed time spent in this place.
 B = Non-inter-level travel time spent in this place.
 C = Inter-level travel time spent in this place.
 D = Time resting spent in this place.
 E = Time spent auto-exploring this place.
 F = Levels seen in this place.
 G = Mean time per level.
                   A        B        C        D        E       F      G
               +--------+--------+--------+--------+--------+-----+--------+
         Total |  28483 |  26592 |   1891 |  11235 |   9365 |  24 | 1186.8 |
       Dungeon |  14105 |  13034 |   1071 |   5033 |   5452 |  12 | 1175.4 |
        Temple |    243 |     67 |    176 |      0 |      0 |   1 |  243.0 |
          Lair |  10398 |   9853 |    545 |   4679 |   3288 |   6 | 1733.0 |
        Shoals |      6 |      6 |      0 |      0 |      0 |   1 |    6.0 |
  Orcish Mines |   2646 |   2549 |     97 |   1027 |    575 |   2 | 1323.0 |
         Sewer |    561 |    561 |      0 |    341 |     49 |   1 |  561.0 |
       Ossuary |    521 |    521 |      0 |    154 |      0 |   1 |  521.0 |
               +--------+--------+--------+--------+--------+-----+--------+

Top non-repeatable levels by time:
  Lair:5: 2275 daAuts
  Lair:6: 2238 daAuts
  Lair:4: 2004 daAuts
    D:10: 1966 daAuts
  Lair:3: 1930 daAuts
    D:12: 1638 daAuts
     D:1: 1477 daAuts
   Orc:2: 1452 daAuts
     D:2: 1371 daAuts
    D:11: 1342 daAuts
   Orc:1: 1193 daAuts
     D:4: 1126 daAuts
  Lair:2: 1110 daAuts
     D:6: 1007 daAuts
     D:9: 917 daAuts
